 Dungeon Crawl Stone Soup version 0.27-a0-887-gcab673c142 (webtiles) character file.

Game seed: 495657847151067264

2539 jestyr24 the Magician (level 9, -2/61 HPs)
             Began as a Djinni Fire Elementalist on Apr 4, 2021.
             Was an Initiate of Makhleb.
             Slain by a boulder beetle (57 damage)
             ... on level 7 of the Dungeon.
             The game lasted 00:45:56 (6910 turns).

jestyr24 the Magician (Djinni Fire Elementalist)    Turns: 6910, Time: 00:46:00

Health: -2/61      AC:  4    Str:  7    XL:     9   Next: 55%
Gold:   316        EV: 12    Int: 19    God:    Makhleb [......] SH:  5 Dex: 18

rFire    + + +     SeeInvis +   b - +8 longbow "Zephyr" {speed, Dex+3 SInv}
rCold    x . .     Faith    .   (shield currently unavailable)
rNeg     . . .     Spirit   .   m - +0 leather armour {rF+}
rPois    ∞         Reflect  +   (no helmet)
rElec    .         Harm     .   C - +0 cloak
rCorr    .         Rampage  .   (no gloves)
Will     +....                  (boots unavailable)
Stlth    ++........             c - amulet of reflection
HPRegen  0.20/turn              e - ring of willpower
MPRegen  0.00/turn              (no ring)

@: flying
A: fire resistance 2, cold vulnerability 1, float, innate caster, hp casting,
extra vitality 1
a: Renounce Religion


You were on level 7 of the Dungeon.
You worshipped Makhleb.
Makhleb was noncommittal.
You visited 2 branches of the dungeon, and saw 7 of its levels.
You also visited: Sewer.

You collected 316 gold pieces.

Inventory:

Hand Weapons
 b - the +8 longbow "Zephyr" (weapon) {speed, Dex+3 SInv}
   (You acquired it on level 2 of the Dungeon)

   Attacks with this weapon are significantly faster.
   It affects your dexterity (+3).
   It lets you see invisible.
 B - a +1 flail of protection
 D - a +5 scimitar
Missiles
 d - 8 javelins
 k - 63 arrows (quivered ammo)
 F - a throwing net
Armour
 a - a +0 robe
 m - a +0 leather armour of fire resistance (worn)
 C - a +0 cloak (worn)
Jewellery
 c - an amulet of reflection (around neck)
 e - a ring of willpower (left hand)
Wands
 i - a wand of iceblast (7)
 l - a wand of charming (10)
 p - a wand of random effects (22)
Scrolls
 f - a scroll of fog {unknown}
 o - a scroll of immolation {unknown}
 q - a scroll of summoning {unknown}
 r - a scroll of brand weapon
 t - a scroll of enchant weapon {unknown}
 u - a scroll of magic mapping {unknown}
 w - a scroll of amnesia {unknown}
 y - a scroll of fear {unknown}
 z - a scroll of blinking {unknown}
 E - a scroll of identify
Potions
 g - a potion of berserk rage {unknown}
 h - 5 potions of might
 j - 2 potions of cancellation {unknown}
 n - 2 potions of brilliance {unknown}
 s - 2 potions of curing {unknown}
 v - 2 potions of attraction {unknown}
 x - a potion of heal wounds {unknown}
 A - a potion of haste {unknown}


   Skills:
 * Level 3.4 Fighting
 * Level 6.1 Bows
 + Level 4.1 Armour
 - Level 2.7 Dodging
 - Level 1.7 Stealth
 - Level 0.2 Shields
 * Level 7.4 Spellcasting


You couldn't memorise any spells.
You knew the following spells:

 Your Spells              Type           Power      Damage    Failure   Level
a - Foxfire               Conj/Fire      100%       2x1d9     1%          1
b - Inner Flame           Hex/Fire       35%        N/A       1%          3
c - Wereblood             Tmut           35%        N/A       1%          2
d - Sticky Flame          Conj/Fire      35%        2d5       7%          4
e - Fireball              Conj/Fire      17%        3d9       19%         5
f - Corona                Hex            38%        N/A       1%          1
g - Conjure Flame         Conj/Fire      35%        6-21      1%          3
h - Lesser Beckoning      Tloc           17%        N/A       1%          3
i - Mephitic Cloud        Conj/Pois/Air  35%        N/A       1%          3
Your spell library was empty.

Dungeon Overview and Level Annotations

Branches:
Dungeon (7/15)             Temple (1/1) D:6           Sewer (visited)

Altars:
Ashenzari
Cheibriados
Dithmenos
Elyvilon
Hepliaklqana
Kikubaaqudgha
Makhleb
Okawaru
Ru
Uskayaw
Vehumet
Wu Jian
Yredelemnul


Innate Abilities, Weirdness & Mutations

You are immune to poison.
Your flesh is very heat resistant. (rF++)
You are vulnerable to cold. (rC-)
You float through the air rather than walking.
You learn spells naturally, not from books.
Your magical power is your life essence.
You have superior vitality. (+4 HP)


Message History

Confirm with . or Enter, or press ? or * to list all spells.
Aiming: Corona (safe; 1% risk of failure)
Press: ? - help, Shift-Dir - straight line, f/p - boulder beetle
Aim: a boulder beetle (inner flame, chance to affect: 56%)
The boulder beetle struggles to resist.
The boulder beetle curls into a ball and begins rolling!
Casting: Corona (safe; 1% risk of failure)
Confirm with . or Enter, or press ? or * to list all spells.
Aiming: Corona (safe; 1% risk of failure)
Press: ? - help, Shift-Dir - straight line, f/p - boulder beetle
Aim: a boulder beetle (inner flame, chance to affect: 56%)
The boulder beetle is outlined in light.
Fire: 64 arrows
Press: ? - help, Q - select action, (/) - cycle Shift-Dir - straight line, f/p - boulder beetle
Aim: a boulder beetle (inner flame, softly glowing, 97% to hit)
You shoot an arrow. The arrow hits the boulder beetle.
Flame seeps out of the boulder beetle.
The boulder beetle is lightly wounded.
The boulder beetle is engulfed in blazing flames.
Flame seeps out of the boulder beetle.
Casting: Corona (safe; 1% risk of failure)
Confirm with . or Enter, or press ? or * to list all spells.
You conjure some foxfire!
The boulder beetle closely misses you.
The boulder beetle stops rolling and uncurls.
Your foxfire dissipates!
The foxfire hits the boulder beetle but does no damage.
The boulder beetle is lightly wounded.
The boulder beetle stops glowing.
The boulder beetle curls into a ball and begins rolling!
Casting: Foxfire (safe; 1% risk of failure)
Confirm with . or Enter, or press ? or * to list all spells.
You conjure some foxfire!
The foxfire hits the boulder beetle but does no damage.
The boulder beetle is lightly wounded.
The foxfire hits the boulder beetle.
Flame seeps out of the boulder beetle.
The boulder beetle is moderately wounded.
The boulder beetle is engulfed in blazing flames.
Flame seeps out of the boulder beetle.
The boulder beetle hits you!!!
Ouch! That really hurt!
You die...

#.# #.#.........# #####.#
#.#..#.#.#### #.....#
#.#..#.#.#
###.##############.#..#.#.#
..........>).....#.#.[#.#<#
###.#.#####.####.#........#
###.#.#####.###.§#......#.##
.............°○.§..........#
###.#.#####'###B@..#########
# #.#........####### #
#.#...)....+ ###.#..)(....#
....#........##
...##.........#
...+#.........+
...###........#
#'#..').......#


You could see a boulder beetle (inner flame).

Vanquished Creatures
  Pikel (D:7)
  Sigmund (D:4)
  Menkaure (D:6)
  Edmund (D:6)
  An orc warrior (D:4)
  A sky beast (D:5)
  An ice beast (D:5)
  A necrophage (D:7)
  2 ogres
  A centaur (D:6)
  A phantom (D:4)
  A gnoll sergeant (D:7)
  A water moccasin skeleton (D:6)
  3 killer bees (D:7)
  3 wights (D:7)
  4 hounds
  A bullfrog zombie (D:5)
  An orc priest (D:4)
  Crazy Yiuf (D:6)
  A jelly (D:6)
  3 bullfrog skeletons (D:6)
  An iguana (D:4)
  2 orc wizards (D:5)
  5 adders
  3 gnolls (D:7)
  2 river rats (D:6)
  A shadow imp (D:7)
  2 white imps
  An ufetubus (D:7)
  3 orcs
  7 ball pythons
  A bat (D:1)
  6 endoplasms
  A giant cockroach (D:6)
  5 goblins
  12 hobgoblins
  15 jackals
  3 kobolds
  4 quokkas
  9 frilled lizards
  6 rats
120 creatures vanquished.

Vanquished Creatures (collateral kills)
  2 foxfires
2 creatures vanquished.

Vanquished Creatures (others)
  249 foxfires
  7 plants (Sewer)
256 creatures vanquished.

Grand Total: 378 creatures vanquished

Notes
Turn   | Place    | Note
-------+----------+-------------------------------------------
     0 | D:1      | jestyr24 the Djinni Fire Elementalist began the quest for
                  | the Orb.
     0 | D:1      | Reached XP level 1. HP: 15/15 MP: 0/0
    91 | D:1      | Reached skill level 3 in Spellcasting
    91 | D:1      | Reached XP level 2. HP: 10/21 MP: 0/0
   553 | D:1      | Reached XP level 3. HP: 16/25 MP: 0/0
   553 | D:1      | Learned a level 1 spell: Corona
  1775 | D:2      | Identified a scroll of acquirement
  1775 | D:2      | Acquired the +8 longbow "Zephyr" {speed, Dex+3 SInv}
  1776 | D:2      | Found the +8 longbow "Zephyr" {speed, Dex+3 SInv}
  1834 | D:2      | Reached XP level 4. HP: 21/31 MP: 0/0
  2099 | D:2      | You are sucked into a shaft and drop 2 floors!
  2107 | D:4      | Noticed Sigmund
  2115 | D:4      | Killed Sigmund
  2116 | D:4      | Reached skill level 1 in Bows
  2116 | D:4      | Reached skill level 4 in Spellcasting
  2116 | D:4      | Reached XP level 5. HP: 23/36 MP: 0/0
  2116 | D:4      | Learned a level 2 spell: Wereblood
  2263 | D:4      | Reached XP level 6. HP: 40/41 MP: 0/0
  2522 | D:4      | Reached skill level 1 in Fighting
  2522 | D:4      | Reached skill level 5 in Spellcasting
  2643 | D:4      | Noticed an orc warrior
  2651 | D:4      | Killed an orc warrior
  2652 | D:4      | Reached XP level 7. HP: 26/47 MP: 0/0
  2652 | D:4      | Learned a level 3 spell: Lesser Beckoning
  3135 | D:5      | Entered Level 5 of the Dungeon
  3204 | D:5      | Reached skill level 6 in Spellcasting
  3658 | D:5      | Found a shadowy altar of Dithmenos.
  3664 | D:5      | Found a snail-covered altar of Cheibriados.
  3667 | D:5      | Found an ornate altar of the Wu Jian Council.
  3732 | D:5      | Reached XP level 8. HP: 44/52 MP: 0/0
  4140 | D:5      | Reached skill level 1 in Armour
  4621 | D:6      | Found a glowing drain.
  4630 | Sewer    | Entered a sewer
  5241 | D:6      | Noticed Edmund
  5255 | D:6      | Killed Edmund
  5497 | D:6      | Found a sacrificial altar of Ru.
  5545 | D:6      | Reached skill level 7 in Spellcasting
  5692 | D:6      | Found a staircase to the Ecumenical Temple.
  5709 | Temple   | Entered the Ecumenical Temple
  5717 | Temple   | Became a worshipper of Makhleb the Destroyer
  5765 | D:6      | Noticed Menkaure
  5769 | D:6      | Killed Menkaure
  5927 | D:6      | Found a runed translucent door.
  5928 | D:6      | Noticed Crazy Yiuf
  5942 | D:6      | Killed Crazy Yiuf
  6189 | D:7      | Noticed Pikel
  6210 | D:7      | Killed Pikel
  6211 | D:7      | Reached skill level 5 in Bows
  6211 | D:7      | Reached XP level 9. HP: 53/60 MP: 0/0
  6211 | D:7      | Learned a level 3 spell: Mephitic Cloud
  6899 | D:7      | Noticed a boulder beetle
  6910 | D:7      | Slain by a boulder beetle

Illustrated notes

Levels and vault maps discovered:
D:1:      dpeg_arrival_round_b, layout_loops_cross, minmay_tetromino_i4
D:2:      layout_basic, ebering_ecumenical_altar_rust,
          minmay_goblin_kobold_house
D:4:      layout_basic, minivault_14, uniq_sigmund
D:5:      layout_cave_pods, grunt_temple_overflow_cloverleaf
D:6:      lemuel_ratsnest, layout_gridville, nicolae_overflow_hidden_temple,
          lemuel_doored_altar, minmay_temple_entry_purple_smoke,
          gup_sewer_entry_bubbles, kennysheep_generic_room_2, uniq_edmund,
          uniq_crazy_yiuf_cottage, uniq_menkaure
D:7:      layout_basic, uniq_pikel
Temple:   nicolae_temple_great_sept

Skill      XL: |  1  2  3  4  5  6  7  8  9 |
---------------+----------------------------+-----
Spellcasting   | 3 4 5 6 7 |  7.4
Bows           | 1 2 3 5 6 |  6.1
Fighting       | 1 3 |  3.4
Armour         | 3 4 |  4.1
Dodging        | |  2.7
Stealth        | |  1.7
Shields        | |  0.2

Action                   |  1- 3 |  4- 6 |  7- 9 || total
-------------------------+-------+-------+-------++-------
Melee: Unarmed           |    22 |       |       ||    22
       Mace              |       |       |    10 ||    10
       Longbow           |       |       |     1 ||     1
 Fire: Longbow           |       |    13 |    41 ||    54
 Cast: Foxfire           |    50 |    16 |    84 ||   150
       Corona            |     3 |     1 |     4 ||     8
       Inner Flame       |       |     4 |    31 ||    35
       Conjure Flame     |       |       |     2 ||     2
  Use: Scroll            |     3 |       |     2 ||     5
Armor: Robe              |     2 |     1 |       ||     3
       Leather armour    |       |       |     7 ||     7
Dodge: Dodged            |    23 |     7 |    33 ||    63
Block: Other             |     7 |       |    10 ||    17
       Reflection        |       |       |     1 ||     1

Table legend: (Time is in decaauts)
 A = Elapsed time spent in this place.
 B = Non-inter-level travel time spent in this place.
 C = Inter-level travel time spent in this place.
 D = Time resting spent in this place.
 E = Time spent auto-exploring this place.
 F = Levels seen in this place.
 G = Mean time per level.
                   A        B        C        D        E       F      G
               +--------+--------+--------+--------+--------+-----+--------+
         Total |   6912 |   6854 |     58 |   1755 |   3463 |   8 |  864.0 |
       Dungeon |   6351 |   6293 |     58 |   1755 |   3206 |   6 | 1058.5 |
        Temple |     16 |     16 |      0 |      0 |      0 |   1 |   16.0 |
         Sewer |    544 |    544 |      0 |      0 |    257 |   1 |  544.0 |
               +--------+--------+--------+--------+--------+-----+--------+

Top non-repeatable levels by time:
     D:5: 1318 daAuts
     D:1: 1309 daAuts
     D:6: 1150 daAuts
     D:4: 1036 daAuts
     D:2: 789 daAuts
     D:7: 746 daAuts
   Sewer: 544 daAuts
  Temple: 16 daAuts
